 Dungeon Crawl Stone Soup version 0.21.1-1-g345015f (webtiles) character file.

905 microfolk the Ducker (level 8, -4/52 HPs)
             Began as a Kobold Berserker on May 11, 2018.
             Was a Priest of Trog.
             Slain by an ogre
             ... wielding a +0 giant club
              (16 damage)
             ... on level 6 of the Dungeon.
             The game lasted 00:08:49 (5794 turns).

microfolk the Ducker (Kobold Berserker)             Turns: 5794, Time: 00:08:50

Health: -4/52      AC:  8    Str: 16    XL:     8   Next: 29%
Magic:  8/8        EV: 12    Int:  9    God:    Trog [***...]
Gold:   326        SH:  0    Dex: 14    Spells: 7/7 levels left

rFire    . . .     SeeInvis .   a - +0 short sword
rCold    . . .     Gourm    .   (shield restricted)
rNeg     . . .     Faith    .   q - +0 chain mail
rPois    .         Spirit   .   (no helmet)
rElec    .         Reflect  .   (no cloak)
rCorr    .         Harm     .   (no gloves)
MR       .....                  (no boots)
Stlth    ..........             (no amulet)
HPRegen  0.17/turn              (no ring)
MPRegen  0.11/turn              (no ring)

@: berserk cooldown, very slightly contaminated
A: small, carnivore
a: Berserk, Trog's Hand, Burn Spellbooks, Renounce Religion


You were on level 6 of the Dungeon.
You worshipped Trog.
Trog was most pleased with you.
You were very full.

You visited 2 branches of the dungeon, and saw 7 of its levels.

You collected 326 gold pieces.

Inventory:

Hand Weapons
 a - a +0 short sword (weapon)
 k - a +1 vampiric dagger
 o - a +0 rapier
Missiles
 b - 63 bolts
 e - 59 stones (quivered)
 s - 39 sling bullets
 x - 8 tomahawks
Armour
 q - a +0 chain mail (worn)
Jewellery
 y - a +1 ring of slaying {unknown}
Scrolls
 f - 2 scrolls of enchant armour
 g - 2 scrolls of teleportation
 h - a scroll of blinking
 l - a scroll of immolation {unknown}
 p - a scroll of remove curse {unknown}
 t - a scroll of enchant weapon {unknown}
 u - a scroll of magic mapping
 w - a scroll of fear {unknown}
Potions
 d - 3 potions of might
 i - 5 potions of heal wounds
 j - a potion of flight
 m - 3 potions of invisibility
 n - a potion of brilliance
 r - a potion of haste {unknown}
 v - a potion of curing {unknown}
 A - a potion of agility {unknown}
Comestibles
 c - 11 rations


   Skills:
 + Level 6.6 Fighting
 - Level 4.0 Short Blades
 - Level 5.1 Throwing
 - Level 1.5 Armour
 + Level 6.7 Dodging


You had 7 spell levels left.
You didn't know any spells.

Dungeon Overview and Level Annotations

Branches:
Dungeon (6/15)             Temple (1/1) D:4

Altars:
Ashenzari
Cheibriados
Fedhas
Gozag
Nemelex Xobeh
Qazlal
Ru
Sif Muna
Trog
Uskayaw
Wu Jian
Xom
Yredelemnul
Zin
The Shining One

Shops:
D:4 =

Annotations:
D:4 exclusion: downstairs
D:5 crasatator's ghost, amateur TrFi


Innate Abilities, Weirdness & Mutations

You are small and have problems with some larger weapons.
You are carnivorous and can eat meat at any time.


Message History

You see here a hand axe.
You see here a hound skeleton.
The ogre hits you with a giant club!! The ogre hits you with a giant club!!
Ouch! That really hurt!
* * * LOW HITPOINT WARNING * * *
Blink to where?
Press: ? - help, Dir - move target cursor You are very lightly contaminated with residual magic.
As you read the scroll of blinking, it crumbles to dust.
You feel the effects of Trog's Hand fading.
Your skin stops crawling.
You feel less resistant to hostile enchantments.
There is a stone staircase leading up here.
Okay, then.
The ogre closely misses you.
Found a ration.
You feel yourself speed up. The ogre hits you with a giant club!
You die...

## #> #. #.# #. ...
#. #.# #. #.# #.####
#.## #.@O.# ...#####
####.# ....)).# #.#
.?..)#÷# #<#
####.#.# #.# #.#.#
##### #.# ####.#.###
#.[.###.# .........#
#...O...#
###..#.#§###...#####


You could see an ogre.

Vanquished Creatures
  An ice beast (D:5)
  A phantom (D:5)
  2 ogres
  A crimson imp (D:5)
  2 hounds (D:6)
  An orc priest (D:6)
  A bullfrog skeleton (D:5)
  3 orc wizards
  6 worker ants
  A gnoll (D:3)
  4 adders
  A shadow imp (D:3)
  3 oozes
  3 worms
  4 dart slugs (D:1)
  4 leopard geckos
  12 orcs
  10 bats
  6 giant cockroaches
  4 goblins
  8 hobgoblins
  8 jackals
  6 kobolds
  2 quokkas
  2 ball pythons
  7 frilled lizards
  10 rats
  A fungus (D:4)
114 creatures vanquished.

Notes
Turn   | Place    | Note
-------+----------+-------------------------------------------
     0 | D:1      | microfolk the Kobold Berserker began the quest for the Orb.
     0 | D:1      | Reached XP level 1. HP: 14/14 MP: 1/1
   273 | D:1      | Reached skill level 1 in Throwing
   273 | D:1      | Reached XP level 2. HP: 14/19 MP: 2/2
   825 | D:1      | Reached XP level 3. HP: 18/23 MP: 3/3
  1242 | D:1      | Found a shimmering altar of Xom.
  1246 | D:1      | Found a stormy altar of Qazlal.
  1246 | D:1      | Found a hide-covered altar of Uskayaw.
  1248 | D:1      | Found a bloodstained altar of Trog.
  1248 | D:1      | Found a shattered altar of Ashenzari.
  1248 | D:1      | Found a glowing silver altar of Zin.
  1819 | D:2      | Reached XP level 4. HP: 29/29 MP: 4/4
  2252 | D:2      | Reached ** piety under Trog
  2340 | D:2      | Found a deep blue altar of Sif Muna.
  2536 | D:2      | Reached XP level 5. HP: 26/33 MP: 5/5
  2930 | D:3      | Noticed an ogre
  2946 | D:3      | Killed an ogre
  2946 | D:3      | Reached XP level 6. HP: 39/39 MP: 6/6
  4054 | D:4      | Reached *** piety under Trog
  4062 | D:4      | Noticed an ogre
  4075 | D:4      | Killed an ogre
  4075 | D:4      | Reached skill level 5 in Throwing
  4075 | D:4      | Reached XP level 7. HP: 44/44 MP: 7/7
  4190 | D:4      | Found a staircase to the Ecumenical Temple.
  4198 | Temple   | Entered the Ecumenical Temple
  4324 | D:4      | Found Dusow's Jewellery Emporium.
  4429 | D:4      | Reached skill level 5 in Fighting
  4653 | D:5      | Entered Level 5 of the Dungeon
  4733 | D:5      | Noticed crasatator's ghost (amateur TrFi)
  4874 | D:5      | Reached skill level 5 in Dodging
  5053 | D:5      | Found a sparkling altar of Nemelex Xobeh.
  5319 | D:5      | Found a glowing silver altar of Zin.
  5534 | D:5      | Reached XP level 8. HP: 51/51 MP: 8/8
  5794 | D:6      | Slain by an ogre

Skill      XL: |  1  2  3  4  5  6  7 |
---------------+----------------------+-----
Throwing       | 1 2 3 4 5 |  5.1
Dodging        | 3 4 6 |  6.7
Fighting       | 4 6 |  6.6
Short Blades   | |  4.0
Armour         | |  1.5

Action                   |  1- 3 |  4- 6 |  7- 9 || total
-------------------------+-------+-------+-------++-------
Melee: Short sword       |   120 |   265 |   117 ||   502
Throw: Stone             |       |     2 |       ||     2
Invok: Berserk           |     2 |     6 |     9 ||    17
       Trog's Hand       |       |       |     2 ||     2
  Use: Scroll            |     4 |     4 |     3 ||    11
  Eat: Chunk             |    12 |    13 |    15 ||    40
Armor: Animal skin       |     7 |       |       ||     7
       Ring mail         |    11 |    61 |       ||    72
       Chain mail        |       |     7 |    23 ||    30
Dodge: Dodged            |    68 |   202 |    47 ||   317
